 Dungeon Crawl Stone Soup version 0.32-a0-30-gefbe487952 (webtiles) character file.

Game seed: 18148179611788698257

77 gruber the Ruffian (level 4, -2/41 HPs)
             Began as an Oni Shapeshifter on Jan 19, 2024.
             Succumbed to a kobold's poison
             ... on level 3 of the Dungeon.
             The game lasted 00:01:41 (1854 turns).

gruber the Ruffian (Oni Shapeshifter)               Turns: 1854, Time: 00:01:42

Health: -2/41      AC:  3    Str: 20    XL:     4   Next: 34%
Magic:  4/4        EV:  9    Int: 11    God:
Gold:   31         SH:  0    Dex:  8    Spells: 3/3 levels left

rFire   . .          .
                       - Unarmed
rCold   . . .        (no shield)
rNeg    . . .        a - +0 animal skin
rPois   .            (helmet currently unavailable)
rElec   .            (cloak currently unavailable)
rCorr   .            (gloves unavailable)
SInv    .            (boots unavailable)
Will    .....        (no amulet)
Stlth   +            (no ring)
HPRegen 0.26/turn    (no ring)
MPRegen 0.09/turn

%: no passive effects
@: lethally poisoned (-2 -> -13), beast-form
A: beast (slay +1), large, unfitting armour, horns 1, tough skin 1, double
potion healing, drunken brawling
a: Begin Untransformation


You were on level 3 of the Dungeon.
You were a hulking beast.
You visited 1 branch of the dungeon, and saw 3 of its levels.

You collected 31 gold pieces.

Inventory:

Armour
 a - a +0 animal skin (worn)
Jewellery
 f - an amulet of faith
Talismans
 c - a beast talisman
 d - a flux talisman
 l - a maw talisman
 n - a storm talisman
Scrolls
 e - a scroll of enchant armour {unknown}
 h - a scroll of teleportation {unknown}
 j - 3 scrolls of identify {unknown}
 m - a scroll of butterflies {unknown}
 o - a scroll of acquirement {unknown}
Potions
 b - a potion of lignification
 g - a potion of heal wounds {unknown}
 i - a potion of berserk rage {unknown}
 k - 2 potions of mutation {unknown}


   Skills:
 - Level 1.3 Fighting
 - Level 1.7 Dodging
 + Level 4.6 Unarmed Combat
 - Level 3.0 Shapeshifting


You had 3 spell levels left.
You didn't know any spells.
Your spell library was empty.

Dungeon Overview and Level Annotations

Branches:
Dungeon (3/15)

Altars:

Annotations:
D:3 Sigmund


Innate Abilities, Weirdness & Mutations

You are a hulking beast.
Your limbs bulge with bestial killing power. (Slay +1)
You are too large for most types of armour.
You have a pair of small horns on your head.
You have tough skin. (AC +1)
You gain doubled healing and magic from potions.
Whenever you drink a healing potion, you attack all around you.


Message History

You are poisoned.
The ribbon worm misses you.
You hit the ribbon worm.
The ribbon worm is moderately wounded.
You feel sick.
The kobold throws a poisoned dart.
The poisoned dart barely misses you.
You punch the ribbon worm!
You kill the ribbon worm!
Sigmund the Dreaded comes into view.
He is wielding a +0 scythe.
Found 3 stones and 2 murky orange potions.
You feel sick.
Sigmund shouts!
The kobold throws a poisoned dart.
The poisoned dart hits you!
You are more poisoned.
You see here a ribbon worm corpse.
You feel sick.
The kobold throws a poisoned dart.
The poisoned dart closely misses you.
You see here 4 stones.
You feel sick.
You feel sick.
You feel sick.
You feel sick.
The kobold throws a poisoned dart.
The poisoned dart hits you!
You are more poisoned.
You feel very sick.
You feel sick.
You feel sick.
The kobold throws a poisoned dart.
The poisoned dart hits you!
You are more poisoned.
* * * LOW HITPOINT WARNING * * *
You feel very sick.
* * * LOW HITPOINT WARNING * * *
You feel sick.
* * * LOW HITPOINT WARNING * * *
You feel sick.
The kobold throws a poisoned dart.
The poisoned dart hits you!
You are lethally poisoned!
* * * LOW HITPOINT WARNING * * *
You feel very sick.
You see here 4 stones.
* * * LOW HITPOINT WARNING * * *
You feel very sick.
You die...

###### ### #....# ###.#####
#....####.......#
'.)..##.......#.#
#....##.#.#.#.#.######
#............†.......+
#.>.............h.(..#
#.......#.......####.#
#....##########.####.##
.......# #....#..##
###....###### #....##..# #
#.........# #....###.# #
#.........###....# #K##
#......†....#....###@.######
#.........<.+....#.........#


There were no monsters in sight!

Vanquished Creatures
  A gnoll (D:1)
  2 adders (D:2)
  3 dart slugs
  A ribbon worm (D:3)
  7 bats
  8 endoplasms
  A giant cockroach (D:1)
  A goblin (D:1)
  2 hobgoblins
  2 quokkas
  4 ball pythons
  2 frilled lizards (D:1)
  5 kobolds
  3 rats
42 creatures vanquished.

Notes
Turn   | Place    | Note
-------+----------+-------------------------------------------
     0 | D:1      | gruber the Oni Shapeshifter began the quest for the Orb.
     0 | D:1      | Reached XP level 1. HP: 19/19 MP: 1/1
   136 | D:1      | Reached skill level 3 in Unarmed Combat
   171 | D:1      | Reached XP level 2. HP: 27/27 MP: 2/2
   493 | D:1      | Reached XP level 3. HP: 7/33 MP: 3/3
   790 | D:2      | Reached skill level 4 in Unarmed Combat
  1150 | D:2      | Reached XP level 4. HP: 19/41 MP: 4/4
  1685 | D:2      | Identified the +5 spear of Roukkah {venom, rPois Str+3
                  | Dex+3}
  1840 | D:3      | Noticed Sigmund
  1853 | D:3      | HP: 1/41 [poisoned by a kobold]
  1854 | D:3      | Succumbed to a kobold's poison

Illustrated notes

Levels and vault maps discovered:
D:1:      lightli_arrival_flooded_house, layout_loops_cross
D:2:      layout_basic
D:3:      layout_basic, uniq_sigmund, uniq_robin

Skill      XL: |  1  2  3 |
---------------+----------+-----
Unarmed Combat | 3 4 |  4.6
Fighting       | |  1.3
Dodging        | |  1.7
Shapeshifting  | |  3.0

Action                     |  1- 3 |  4- 6 || total
---------------------------+-------+-------++-------
  Melee: Unarmed           |    79 |    29 ||   108
         Headbutt          |     9 |     2 ||    11
         Punch             |     2 |       ||     2
 Armour: Animal skin       |    61 |    17 ||    78
  Dodge: Dodged            |    29 |    12 ||    41

Table legend: (Time is in decaauts)
 A = Elapsed time spent in this place.
 B = Non-inter-level travel time spent in this place.
 C = Inter-level travel time spent in this place.
 D = Time resting spent in this place.
 E = Time spent auto-exploring this place.
 F = Levels seen in this place.
 G = Mean time per level.
                   A        B        C        D        E       F      G
               +--------+--------+--------+--------+--------+-----+--------+
         Total |   1845 |   1816 |     29 |      0 |   1521 |   3 |  615.0 |
       Dungeon |   1845 |   1816 |     29 |      0 |   1521 |   3 |  615.0 |
               +--------+--------+--------+--------+--------+-----+--------+

Top non-repeatable levels by time:
     D:2: 995 daAuts
     D:1: 724 daAuts
     D:3: 125 daAuts
